 Dungeon Crawl Stone Soup version 0.19.0-11-g3fc08b3 (console) character file.

67081 Morrissey the Unseen (level 14, -10/59 HPs)
             Began as a Spriggan Enchanter on Nov 9, 2016.
             Was a High Priest of Sif Muna.
             Killed from afar by a hell hound (25 damage)
             ... with a blast of flame
             ... on level 6 of the Lair of Beasts.
             The game lasted 00:58:23 (23651 turns).

Morrissey the Unseen (Spriggan Enchanter)          Turns: 23651, Time: 00:58:23

Health: -10/59     AC:  7    Str:  8    XL:     14   Next: 81%
Magic:  2/33       EV: 30    Int: 26    God:    Sif Muna [*****.]
Gold:   2054       SH:  0    Dex: 17    Spells: 8 memorised, 15 levels left

rFire  . . .     SeeInvis +     a - +7 dagger {holy, Str+4 Int+5}
rCold  + + .     Gourm    .     P - +2 robe {rC+}
rNeg   + . .     Faith    .     (shield restricted)
rPois  .         Spirit   .     (helmet restricted)
rElec  .         Reflect  .     Q - +2 cloak {+Inv}
rCorr  .         Harm     .     (gloves unavailable)
MR     +++..                    (boots unavailable)
Stlth  ++++++....               F - amulet of Qeog {+Blink rN+ Regen+}
                                Y - ring of protection from cold
                                x - ring of wizardry

@: repel missiles, very quick
A: unfitting armour, see invisible, herbivore 3, speed 3, magic resistance 1,
slow metabolism 2
a: Divine Energy, Channel Magic, Forget Spell, Renounce Religion, Evoke Blink,
Evoke Invisibility


You were on level 6 of the Lair of Beasts.
You worshipped Sif Muna.
Sif Muna was extremely pleased with you.
You were not hungry.

You visited 4 branches of the dungeon, and saw 21 of its levels.
You also visited: Labyrinth, Sewer and Ice Cave.

You collected 2054 gold pieces.

Inventory:

Hand Weapons
 a - the +7 dagger of the Nexus (weapon) {holy, Str+4 Int+5}
   (You found it on level 4 of the Dungeon)

   It has been blessed by the Shining One to cause great damage to the undead
   and demons.
   It affects your strength (+4).
   It affects your intelligence (+5).
 b - the +9 dagger of Chilly Death {flash freeze, rPois rF- rC++ MR+}
   (You found it on level 3 of the Lair of Beasts)

   It has been specially enchanted to freeze those struck by it, causing extra
   injury to most foes and up to half again as much damage against particularly
   susceptible opponents.
   It can also slow down cold-blooded creatures.
   It makes you vulnerable to fire.
   It greatly protects you from cold.
   It protects you from poison.
   It affects your resistance to hostile enchantments.
Armour
 B - a +1 robe of magic resistance
 P - a +2 robe of cold resistance (worn)
 Q - a +2 cloak of invisibility (worn)
 R - a +0 cloak of poison resistance
Rods
 p - a +1 rod of clouds (11/11)
   (You took it off a minotaur in a labyrinth)
 J - a +1 iron rod (13/13)
   (You found it in a labyrinth)
 L - a +4 rod of inaccuracy (14/14)
   (You found it in a labyrinth)
 M - a +1 lightning rod (9/9)
   (You found it in a labyrinth)
Jewellery
 g - an uncursed ring of magical power {unknown}
 h - a cursed amulet of inaccuracy {unknown}
 m - an uncursed ring of positive energy {unknown}
 s - an uncursed ring of resist corrosion
 x - a ring of wizardry (left hand)
 F - the amulet of Qeog (around neck) {+Blink rN+ Regen+}
   (You took it off a minotaur in a labyrinth)

   [amulet of regeneration]

   It protects you from negative energy.
   It lets you blink.
   It increases your rate of regeneration.
 N - an uncursed amulet of regeneration
 Y - a ring of protection from cold (right hand)
Wands
 f - a wand of teleportation (1/9)
 u - a wand of acid (9/15)
 y - a wand of iceblast (9/15)
 E - a wand of lightning (11/15)
 H - a wand of lightning (7/15)
 I - a wand of teleportation (3/9)
 O - a wand of disintegration (15/24)
 S - a wand of iceblast (6/15)
 V - a wand of lightning (5/15)
Scrolls
 k - 12 scrolls of remove curse
 q - a scroll of recharging
 v - a scroll of fog
 w - 4 scrolls of teleportation
 T - a scroll of amnesia
 U - a scroll of holy word
Potions
 e - 2 potions of heal wounds
 i - a potion of berserk rage
 j - a potion of cancellation
 o - 2 potions of magic
 r - 2 potions of might
 t - 3 potions of resistance
 z - 5 potions of flight
 A - 5 potions of curing
 C - 2 potions of agility
 K - 2 potions of haste
Books
 l - a book of Debilitation

   Spells                             Type                      Level
   a - Corona                         Hexes                        1
   b - Slow                           Hexes                        2
   c - Gell's Gravitas                Hexes/Translocation          3
   d - Inner Flame                    Hexes/Fire                   3
   e - Cause Fear                     Hexes                        4
   f - Leda's Liquefaction            Hexes/Earth                  4
 D - Sif Muna's Compendium of Bewitchment
   (Sif Muna gifted it to you on level 4 of the Lair of Beasts)

   Spells                             Type                      Level
   a - Ensorcelled Hibernation        Hexes/Ice                    2
   b - Tukima's Dance                 Hexes                        3
   c - Silence                        Hexes/Air                    5
   d - Darkness                       Hexes                        6
   e - Discord                        Hexes                        8
 W - Qoanank's Volume of Sinister Arts and Dislocation
   (Sif Muna gifted it to you on level 6 of the Lair of Beasts)

   Spells                             Type                      Level
   a - Animate Skeleton               Necromancy                   1
   b - Shroud of Golubria             Charms/Translocation         2
   c - Cigotuvi's Embrace             Necromancy                   5
   d - Summon Forest                  Summoning/Translocation      5
   e - Dispersal                      Translocation                6
Comestibles
 c - a slice of pizza
 d - 8 bread rations
 n - 14 fruits
 G - 5 royal jellies


   Skills:
 - Level 10.1 Short Blades
 + Level 14.6 Dodging
 + Level 16.0 Stealth
 * Level 14.0 Spellcasting
 + Level 15.1 Hexes
 - Level 8.0 Charms
 - Level 6.0 Translocations
 - Level 3.0 Ice Magic
 - Level 5.1 Air Magic
 + Level 3.2 Evocations


You had 15 spell levels left.
You knew the following spells:

 Your Spells              Type           Power        Failure   Level  Hunger
a - Corona                Hex            #######      0%          1    None
b - Ensorcelled Hibernat  Hex/Ice        ######       1%          2    None
c - Confuse               Hex            #######.     1%          3    None
d - Dazzling Spray        Conj/Hex       ######       1%          3    None
e - Blink                 Tloc           N/A          1%          2    None
f - Repel Missiles        Chrm/Air       ######       1%          2    None
g - Summon Mana Viper     Hex/Summ       ######..     1%          5    ##.....
h - Discord               Hex            #######...   17%         8    #######


Dungeon Overview and Level Annotations

Branches:
Dungeon (13/15)            Temple (1/1) D:4            Lair (6/6) D:11
 Shoals (0/4) Lair:4        Snake (1/4) Lair:2        Slime (0/5) Lair:5
    Orc (0/2) D:12         Vaults (0/5) D:13

Altars:
Ashenzari
Cheibriados
Dithmenos
Elyvilon
Fedhas
Gozag
Hepliaklqana
Kikubaaqudgha
Makhleb
Nemelex Xobeh
Okawaru
Qazlal
Ru
Sif Muna
Trog
Uskayaw
Vehumet
Xom
Yredelemnul
Zin
The Shining One
Jiyva

Shops:
D:5 *   D:9 *[   D:11 [   D:13 [


Innate Abilities, Weirdness & Mutations

You are very small and have problems with some larger weapons.
You are too small for most types of armour.
You have supernaturally acute eyesight. (SInv)
You are a herbivore.
You cover ground extremely quickly.
You need consume almost no food.
You are resistant to hostile enchantments. (MR+)


Message History

The hell hound breathes flames at you. The blast of flame hits you!
* * * LOW HITPOINT WARNING * * *
The raiju bursts into living lightning!
The living lightning misses you.
The raiju blinks!
The raiju completely misses you.
Casting: Dazzling Spray
Confirm with . or Enter, or press ? or * to list all spells.
Aiming: Ensorcelled Hibernation
Press: ? - help, Shift-Dir - straight line, f - raiju, p - polar bear
Aim: a raiju (chance to defeat MR: 72%)
The raiju looks drowsy...
* * * LOW MAGIC WARNING * * *
The helpless raiju fails to defend itself.
You stick the raiju like a pincushion!!!!
You kill the raiju!
Sif Muna accepts your kill. The hell hound breathes flames at you.
The blast of flame hits you!
You die...

........## ###
#########..###.
#.......#
####.##.#.##..# ##
........#
##.#....#.#....#
.#...####
#.............##
##..####
#........†...##
....##.##
##÷.#.#.†.#.###
...##...##
#.÷#####.#### #
...#.†...#
#.†######## ####
...#†....#
##.@.#.#..######%.#
#...†....#
#....hh...#.#.#..##
#####...##
##....hh...#......#
##.##
#........†....††.#
###
###....##†..†.##..
#.#.##.#....###.
#########.%## #.
#.## ## ###


You could see a polar bear, a raiju, a hell hound and a wolf.

Vanquished Creatures
  Snorg (Lair:5)
  A minotaur (Lab)
  Fannar (D:10)
  Harold (Lair:2)
  4 ice dragons
  4 vault guards (D:13)
  5 hydras
  The ghost of Andry07 the Peltast, a journeyman GrFi of Okawaru (Lair:3)
  Nergalle (D:12)
  Sonja (D:12)
  A wizard (D:13)
  4 unseen horrors (D:13)
  4 hill giants
  An orc sorcerer (D:12)
  An orc knight (D:12)
  2 ugly things
  15 elephants (Lair:6)
  Maurice (D:12)
  3 cyclopes
  Joseph (D:9)
  A naga mage (Lair:2)
  A gargoyle (D:13)
  9 spiny frogs
  A torpor snail (Lair:6)
  Psyche (D:9)
  4 komodo dragons
  2 ice devils (D:11)
  7 rime drakes
  5 polar bears (Lair:6)
  3 trolls
  3 hornets
  4 two-headed ogres
  Prince Ribbit (D:7)
  4 dream sheep (Lair:2)
  3 slime creatures (D:12)
  7 hippogriffs
  7 blink frogs
  2 raiju (Lair:6)
  A shadow (D:11)
  3 wyverns
  49 yaks
  2 hungry ghosts (D:12)
  2 basilisks
  Menkaure (D:7)
  7 wargs (Lair:6)
  A mottled dragon (D:11)
  A soldier ant (D:8)
  4 hell hounds (Lair:6)
  18 water moccasins
  29 ice beasts
  10 porcupines
  A hornet zombie (D:11)
  4 orc warriors
  3 sky beasts
  12 black bears
  2 phantoms
  A necrophage (D:9)
  7 ogres
  15 centaurs
  13 wolves
  13 crocodiles
  A big kobold (D:10)
  20 bullfrogs
  8 scorpions
  21 killer bees
  2 vampire bats (Lair:6)
  10 wights
  2 howler monkeys
  2 electric eels
  A centaur zombie (D:6)
  A crimson imp (D:13)
  A bullfrog zombie (D:6)
  10 jellies
  A quasit (D:11)
  19 hounds
  2 centaur skeletons
  4 orc priests
  A bullfrog skeleton (D:8)
  8 iguanas
  13 orc wizards
  10 worker ants
  A killer bee zombie (D:5)
  A hound zombie (D:11)
  7 gnolls
  28 adders
  A river rat (D:6)
  A shadow imp (D:8)
  9 oozes
  5 worms
  4 dart slugs
  26 leopard geckos
  35 orcs
  15 giant cockroaches
  8 goblins
  9 hobgoblins
  13 jackals
  6 quokkas
  13 ball pythons
  12 bats
  17 frilled lizards
  A jackal skeleton (D:4)
  15 kobolds
  A quokka zombie (D:7)
  9 rats
691 creatures vanquished.

Vanquished Creatures (others)
  A fungus (Lair:6)
  15 plants
16 creatures vanquished.

Grand Total: 707 creatures vanquished

Notes
Turn   | Place    | Note
-------+----------+-------------------------------------------
     0 | D:1      | Morrissey the Spriggan Enchanter began the quest for the Orb.
     0 | D:1      | Reached XP level 1. HP: 9/9 MP: 5/5
     6 | D:1      | Noticed a wyvern
     6 | D:1      | Noticed an anaconda
     6 | D:1      | Noticed a worker ant
     7 | D:1      | Noticed an iguana
     7 | D:1      | Noticed a black bear
   278 | D:1      | Reached XP level 2. HP: 13/13 MP: 6/6
   470 | D:1      | Learned a level 2 spell: Ensorcelled Hibernation
   814 | D:2      | Reached XP level 3. HP: 5/16 MP: 3/8
  1162 | D:2      | Learned a level 3 spell: Confuse
  1286 | D:2      | Reached skill level 5 in Stealth
  1799 | D:2      | Reached XP level 4. HP: 18/21 MP: 10/10
  1808 | D:2      | Learned a level 3 spell: Dazzling Spray
  2138 | D:3      | Reached skill level 5 in Hexes
  2138 | D:3      | Reached XP level 5. HP: 20/24 MP: 2/11
  2144 | D:3      | HP: 1/24 [orc/mace (5)]
  3477 | D:4      | Noticed an ogre
  3483 | D:4      | Reached XP level 6. HP: 28/28 MP: 10/13
  3831 | D:4      | Got a twisted dagger
  3832 | D:4      | Identified the +7 dagger of the Nexus {holy, Str+4 Int+5} (You found it on level 4 of the Dungeon)
  4176 | D:4      | Reached skill level 5 in Dodging
  4176 | D:4      | Reached skill level 6 in Stealth
  4176 | D:4      | Reached skill level 5 in Spellcasting
  4196 | D:4      | Reached XP level 7. HP: 32/32 MP: 15/15
  4337 | D:4      | Found a staircase to the Ecumenical Temple.
  4346 | Temple   | Entered the Ecumenical Temple
  4466 | Temple   | Became a worshipper of Sif Muna the Loreminder
  4619 | D:4      | Found a sparkling altar of Nemelex Xobeh.
  4737 | D:5      | Entered Level 5 of the Dungeon
  4874 | D:5      | Reached skill level 1 in Ice Magic
  5025 | D:5      | Found Qiotreh's Assorted Antiques.
  5133 | D:5      | Found a burning altar of Makhleb.
  5492 | D:6      | Reached * piety under Sif Muna
  5551 | D:6      | Found a sacrificial altar of Ru.
  5604 | D:6      | Found a glowing drain.
  5635 | D:6      | Reached skill level 7 in Stealth
  5635 | D:6      | Reached XP level 8. HP: 36/36 MP: 16/18
  5692 | Sewer    | Entered a sewer
  7011 | D:7      | Reached ** piety under Sif Muna
  7286 | D:7      | Noticed Menkaure
  7293 | D:7      | Killed Menkaure
  7530 | D:7      | Reached XP level 9. HP: 39/39 MP: 21/21
  7606 | D:7      | Found a glowing silver altar of Zin.
  7713 | D:7      | Noticed Prince Ribbit
  7718 | D:7      | Killed Prince Ribbit
  7723 | D:7      | Reached skill level 8 in Stealth
  8381 | D:8      | Reached skill level 5 in Short Blades
  8650 | D:8      | Reached skill level 9 in Stealth
  8773 | D:8      | Reached skill level 10 in Hexes
  8861 | D:8      | Reached *** piety under Sif Muna
  9100 | D:9      | Noticed Joseph
  9114 | D:9      | Killed Joseph
  9114 | D:9      | Reached XP level 10. HP: 23/44 MP: 16/23
  9328 | D:9      | Found Xaickazu's Elemental Accessories.
  9335 | D:9      | Found Quutu's Armour Shoppe.
  9361 | D:9      | Noticed Psyche
  9363 | D:9      | Killed Psyche
  9970 | D:10     | Entered Level 10 of the Dungeon
  9998 | D:9      | Reached skill level 10 in Stealth
 10478 | D:10     | Reached **** piety under Sif Muna
 11199 | D:10     | Noticed Fannar
 11219 | D:10     | Killed Fannar
 11219 | D:10     | Reached skill level 11 in Stealth
 11219 | D:10     | Reached XP level 11. HP: 37/47 MP: 17/25
 11528 | D:11     | Noticed a red ugly thing
 11536 | D:11     | Killed a red ugly thing
 11536 | D:11     | Reached skill level 10 in Dodging
 11547 | D:11     | Noticed a hill giant
 11558 | D:11     | Killed a hill giant
 11558 | D:11     | Reached skill level 10 in Spellcasting
 11623 | D:11     | Found Ykhlig's Antique Armour Shop.
 11813 | D:11     | Found a frozen archway.
 11837 | IceCv    | Entered an ice cave
 12328 | IceCv    | Noticed an ice dragon
 12329 | IceCv    | Noticed an ice dragon
 12333 | IceCv    | Killed an ice dragon
 12333 | IceCv    | Reached ***** piety under Sif Muna
 12354 | IceCv    | Killed an ice dragon
 12354 | IceCv    | Identified Soif Zymp's Volume of Toxic Creation (Sif Muna gifted it to you in an ice cave)
 12354 | IceCv    | Received a gift from Sif Muna
 12431 | IceCv    | Gained mutation: You are resistant to hostile enchantments. (MR+) [potion of beneficial mutation]
 12481 | IceCv    | Reached skill level 12 in Stealth
 12622 | D:11     | Noticed a hill giant
 12629 | D:11     | Killed a hill giant
 12912 | D:11     | Found a staircase to the Lair.
 12931 | D:11     | Reached XP level 12. HP: 51/51 MP: 27/27
 13166 | D:12     | Noticed Nergalle
 13174 | D:12     | Noticed Maurice
 13319 | D:12     | Killed Maurice
 13363 | D:12     | Killed Nergalle
 13441 | D:12     | Learned a level 2 spell: Blink
 13635 | D:12     | Found a staircase to the Orcish Mines.
 13653 | D:12     | Reached skill level 1 in Translocations
 14382 | D:12     | Noticed Sonja
 14384 | D:12     | Killed Sonja
 14384 | D:12     | Reached skill level 13 in Stealth
 14426 | D:12     | Learned a level 2 spell: Repel Missiles
 14686 | D:13     | Reached skill level 1 in Charms
 14953 | D:13     | Found Usenuapp's Antique Armour Boutique.
 14974 | D:13     | Found a gate to the Vaults.
 14974 | D:13     | Noticed a vault guard
 14974 | D:13     | Noticed a vault guard
 14974 | D:13     | Noticed a vault guard
 14975 | D:13     | Noticed a vault guard
 14986 | D:13     | Killed a vault guard
 14986 | D:13     | Reached skill level 1 in Air Magic
 14996 | D:13     | Killed a vault guard
 14996 | D:13     | Reached skill level 5 in Translocations
 15027 | D:13     | Killed a vault guard
 15038 | D:13     | Reached XP level 13. HP: 55/55 MP: 0/29
 16042 | Lair:1   | Entered Level 1 of the Lair of Beasts
 16183 | Lair:1   | Identified Sif Muna's Volume of Malediction (Sif Muna gifted it to you on level 1 of the Lair of Beasts)
 16183 | Lair:1   | Received a gift from Sif Muna
 16202 | Lair:1   | Learned a level 5 spell: Summon Mana Viper
 16211 | Lair:1   | Learned a level 8 spell: Discord
 16866 | Lair:2   | Noticed Harold
 16872 | Lair:2   | Reached skill level 14 in Stealth
 16925 | Lair:2   | Killed Harold
 16925 | Lair:2   | Reached skill level 10 in Short Blades
 16925 | Lair:2   | Reached skill level 5 in Charms
 16988 | Lair:2   | Found a staircase to the Snake Pit.
 17826 | Snake:1  | Entered Level 1 of the Snake Pit
 18173 | Lair:3   | Identified a scroll of acquirement
 18538 | Lair:3   | Noticed Andry07's ghost (journeyman GrFi)
 18548 | Lair:3   | Killed Andry07's ghost
 19074 | Lair:4   | Identified Sif Muna's Compendium of Bewitchment (Sif Muna gifted it to you on level 4 of the Lair of Beasts)
 19074 | Lair:4   | Received a gift from Sif Muna
 19074 | Lair:4   | Reached XP level 14. HP: 59/59 MP: 31/31
 19192 | Lair:4   | Found a labyrinth entrance.
 19192 | Lair:4   | Found a staircase to the Shoals.
 19198 | Lab      | Entered a labyrinth
 19355 | Lab      | Got a vibrating emerald amulet
 19561 | Lair:4   | Identified the amulet of Qeog {+Blink rN+ Regen+} (You took it off a minotaur in a labyrinth)
 19863 | Lair:4   | Reached skill level 15 in Stealth
 20531 | Lair:5   | Noticed Snorg
 20538 | Lair:5   | Killed Snorg
 20538 | Lair:5   | Reached skill level 5 in Air Magic
 20735 | Lair:5   | Found a runed door.
 20738 | Lair:5   | Found a viscous altar of Jiyva.
 20743 | Lair:5   | Found a staircase to the Slime Pits.
 21229 | Lair:6   | Entered Level 6 of the Lair of Beasts
 21253 | Lair:6   | Found a shimmering altar of Xom.
 22224 | Lair:6   | Reached skill level 1 in Evocations
 22925 | Lair:6   | Identified Qoanank's Volume of Sinister Arts and Dislocation (Sif Muna gifted it to you on level 6 of the Lair of Beasts)
 22925 | Lair:6   | Received a gift from Sif Muna
 22978 | Lair:6   | Reached skill level 15 in Hexes
 23340 | Lair:6   | Reached skill level 16 in Stealth
 23651 | Lair:6   | Killed from afar by a hell hound

Skill      XL: |  1  2  3  4  5  6  7  8  9 10 11 12 13 14 |
---------------+-------------------------------------------+-----
Hexes          | 4 5 6 7 8 10 11 13 14 15 | 15.1
Spellcasting   | 3 4 5 6 7 8 9 10 11 12 14 | 14.0
Stealth        | 5 6 7 9 11 12 13 14 16 | 16.0
Dodging        | 4 5 6 8 9 11 12 13 14 | 14.6
Short Blades   | 2 3 4 5 7 8 9 10 | 10.1
Ice Magic      | 1 2 3 |  3.0
Translocations | 5 6 |  6.0
Charms         | 3 6 8 |  8.0
Air Magic      | 1 4 5 |  5.1
Evocations     | 3 |  3.2

Action                   |  1- 3 |  4- 6 |  7- 9 | 10-12 | 13-15 || total
-------------------------+-------+-------+-------+-------+-------++-------
Melee: Dagger            |   142 |   154 |   359 |   391 |   645 ||  1691
 Cast: Ensorcelled Hiber |     5 |    46 |    95 |   116 |   208 ||   470
       Dazzling Spray    |       |       |     7 |    32 |    42 ||    81
       Confuse           |       |       |     3 |    69 |   106 ||   178
       Repel Missiles    |       |       |       |     1 |     2 ||     3
       Summon Mana Viper |       |       |       |       |     1 ||     1
  Use: Scroll            |       |       |       |    12 |    17 ||    29
       Potion            |       |       |       |     3 |     1 ||     4
 Stab: Sleeping          |    17 |    30 |    79 |   112 |   156 ||   394
       Distracted        |     2 |       |     1 |     1 |     2 ||     6
       Confused          |       |       |     3 |    38 |    65 ||   106
       Invisible         |       |       |     2 |     5 |     9 ||    16
  Eat: Pizza             |       |     1 |     2 |       |       ||     3
       Royal jelly       |       |     1 |       |     1 |     4 ||     6
       Bread ration      |       |       |       |     1 |       ||     1
Armor: Robe              |    12 |    18 |    31 |    13 |    38 ||   112
Dodge: Dodged            |   104 |   126 |   406 |   254 |   586 ||  1476
       Deflected         |       |       |       |       |    11 ||    11
